Cogmind - Beta 14 @@@ ROGUE MODE // 2024.09.17 @ 03:03:52 Player: Dull Result: Destroyed by S-10 Pest with Light Assault Rifle Performance ------------- Evolutions (2) 1000 Regions Visited (8) 1600 Robots Destroyed (123) 615 Value Destroyed (4739) 4739 Prototype IDs (26) 520 Alien Tech Used (0) 0 Bonus (3813) 3813 TOTAL SCORE: 12287 Bonus ------- Triggered High Security 1000 High Alert Combat Kills 1922 Follower Combat Kills 554 Entered Garrisons 200 Aligned with FarCom 300 Friendly Fire -163 Cogmind --------- Core Integrity 0/550 Matter 300/300 Energy 100/100 System Corruption 9% Temperature Cool (0) Movement Core (50) Location -8/Storage Parts ------- > --- POWER (1) -------- (None) > --- PROPULSION (4) --- (None) > --- UTILITY (4) ------ (None) > --- WEAPON (2) ------- (None) > --- INVENTORY (5) ---- Improved Ion Engine Large Matter Pod (150) Improved Focal Shield Tractor Beam Tesla Rifle Peak State ------------ > --- POWER ------------ Light Nuclear Core > --- PROPULSION ------- Light Treads Advanced Treads Heavy Treads > --- UTILITY ---------- Advanced Heat Sink Huge Storage Unit Improved Terrain Scanner Improved Focal Shield > --- WEAPON ----------- Gauss Rifle Mass Driver > --- INVENTORY -------- Ion Engine Improved Ion Engine Light Treads Light Treads Light Treads Light Treads Wheel Improved Heat Sink Advanced Heat Sink Large Matter Pod Improved Transmission Jammer ECM Suite Layered Heavy Armor Plating Hacking Suite Advanced Hacking Suite Tractor Beam Tesla Rifle Tesla Rifle Improved Arc Projector Wave Gun Variable Charge Gun Disruptor Cannon [Rating: 52] Favorites ----------- Power Ion Engine Engine Ion Engine Power Core Light Nuclear Core Propulsion Light Treads Treads Light Treads Leg Carbon-fiber Leg Wheel Wheel Utility Huge Storage Unit Device Improved Heat Sink Storage Huge Storage Unit Protection Light Armor Plating Weapon Light Cannon Energy Gun Particle Gun Energy Cannon Guided Plasma Cannon Ballistic Gun Gauss Rifle Ballistic Cannon Light Cannon Launcher Grenade Launcher Build | -11 -10 -10 -10 -9 -8 -8 -8 -8 ------- Run | Yrd Mat Min Exi Min Mat Gar Mat Sto Slots Evolved 4 | . . . . . 4 . . . Power . | . . . . . . . . . Propulsion 2 | . . . . . 2 . . . Utility 2 | . . . . . 2 . . . Weapon . | . . . . . . . . . Parts Attached 99 | 3 11 3 1 . 4 46 6 25 Power 12 | . 2 1 . . . 6 1 2 Engine 8 | . 2 1 . . . 3 1 1 Core 4 | . . . . . . 3 . 1 Reactor . | . . . . . . . . . Propulsion 28 | 2 2 1 . . 3 9 2 9 Treads 26 | 2 2 1 . . 3 8 2 8 Leg 1 | . . . . . . 1 . . Wheel 1 | . . . . . . . . 1 Hover . | . . . . . . . . . Flight . | . . . . . . . . . Utility 40 | 1 4 . . . 1 23 1 10 Device 30 | 1 1 . . . 1 20 . 7 Storage 3 | . 3 . . . . . . . Processor . | . . . . . . . . . Hackware . | . . . . . . . . . Protection 7 | . . . . . . 3 1 3 Artifact . | . . . . . . . . . Weapon 19 | . 3 1 1 . . 8 2 4 Energy Gun 6 | . 2 1 . . . . . 3 Energy Cannon 2 | . . . 1 . . . . 1 Ballistic Gun 6 | . . . . . . 4 2 . Ballistic Cannon 4 | . 1 . . . . 3 . . Launcher 1 | . . . . . . 1 . . Special Weapon . | . . . . . . . . . Impact Weapon . | . . . . . . . . . Slashing Weapon . | . . . . . . . . . Piercing Weapon . | . . . . . . . . . Special Melee Weapon . | . . . . . . . . . Unidentified Prototypes 1 | . . . . . . . 1 . Parts Lost 32 | . . 1 . . . 12 3 16 Power 4 | . . . . . . 1 1 2 Propulsion 12 | . . . . . . 5 . 7 Utility 7 | . . . . . . 3 2 2 Weapon 9 | . . 1 . . . 3 . 5 Highest Loss Streak 13 | . . 1 . . . 8 2 13 To Critical Strikes 5 | . . . . . . 4 . 1 Average Slot Usage (%) 97 | . 99 100 100 100 73 97 88 83 Engine 8 | . 14 14 14 14 9 4 8 4 Core 2 | . . . . . . 4 . 4 Treads 31 | . 27 28 28 28 26 35 27 25 Device 18 | . 14 14 14 14 11 21 16 16 Storage 10 | . 14 14 14 14 9 9 9 8 Protection 3 | . . . . . . 5 9 8 Energy Gun 3 | . 11 14 5 . . . . 4 Energy Cannon 2 | . . . 8 14 9 1 . . Ballistic Gun 5 | . 4 . . . . 7 9 6 Ballistic Cannon 7 | . 11 14 14 14 9 4 9 5 Launcher 1 | . . . . . . 3 . . Peak Build Rating 52 | 7 10 13 19 19 29 50 50 52 Average Rating 24 | 6 9 11 16 19 23 30 49 43 On Entrance 21 | 6 7 10 12 19 19 29 50 42 Naked Turns 20 | . . . . . . . . 20 Heaviest Build 113 | 13 92 92 99 99 100 113 113 106 Greatest Support 112 | 40 40 40 40 40 86 112 112 112 Greatest Overweight (x) 4 | . 4 2 2 2 2 1 1 . Average Overweight (x) 1 | . . 2 2 2 1 1 . . Largest Inventory Capacity 25 | 8 25 25 25 25 25 25 25 25 Average Capacity 24 | 8 17 25 25 25 25 25 25 24 Most Carried 25 | 7 17 24 24 24 25 25 25 25 Average Carried 21 | 5 12 20 23 24 23 23 24 21 Final Capacity 25 | 8 25 25 25 25 25 25 25 5 Final Carried 25 | 4 16 23 24 24 24 25 24 5 Class Distribution -------------------- 56% | Scavenger-Mutant 41% | Mutant Dominant Class ---------------- Mutant | -10/Materials Mutant | -10/Mines Mutant | -10/Exiles Mutant | -9/Mines Mutant | -8/Materials Scavenger-Mutant | -8/Garrison Scavenger-Mutant | -8/Materials Skirmisher | -8/Storage Resources | -11 -10 -10 -10 -9 -8 -8 -8 -8 ----------- Run | Yrd Mat Min Exi Min Mat Gar Mat Sto Matter Collected 3843 | 254 547 238 . 10 40 1600 544 610 Remotely 297 | . . . . . . . . 297 Salvage Created 4547 | 92 711 406 . 84 100 1454 817 883 Parts 220 | 8 45 18 . 6 2 72 48 21 Haulers Intercepted 4 | . 2 . . . 1 . 1 . Recyclers Shooed 4 | . 3 . . . . . 1 . Parts Field Recycled . | . . . . . . . . . Retrieved Matter . | . . . . . . . . . Parts Self-Destructed . | . . . . . . . . . Prevented . | . . . . . . . . . Kills | -11 -10 -10 -10 -9 -8 -8 -8 -8 ------- Run | Yrd Mat Min Exi Min Mat Gar Mat Sto Combat Hostiles Destroyed 108 | . 15 15 . 6 1 32 19 20 Melee 1 | . . . . . . . . 1 Guns 36 | . 11 4 . . . 4 6 11 Cannons 69 | . 4 11 . 6 1 28 13 6 AOE 1 | . . . . . . . . 1 Classes Destroyed 15 | 2 6 1 . . 1 2 2 1 Worker 1 | . 1 . . . . . . . Builder 3 | . . . . . . . 3 . Tunneler 1 | 1 . . . . . . . . Hauler 4 | . 2 . . . 1 . 1 . Recycler 3 | 1 1 . . . . . 1 . Operator 2 | . 1 . . . . . 1 . Watcher 3 | . 2 . . . . 1 . . Swarmer 18 | . 3 3 . 6 . 6 . . Grunt 63 | . 12 10 . . . 19 9 13 Brawler 7 | . . . . . . 2 2 3 Duelist 1 | . . . . . . . . 1 Protector 4 | . . . . . . . 2 2 Sentry 11 | . . . . . 1 3 6 1 Hunter 2 | . . . . . . 2 . . Assembled 2 | . . 2 . . . . . . Best Kill Streak 17 | 2 3 3 . 4 1 5 17 11 Combat Bots Only 14 | . 3 3 . 4 1 5 14 11 Max Kills in Single Turn 2 | 1 2 2 . 1 1 1 2 1 Gunslinging . | . . . . . . . . . Exploded 1 | . . . . . . . . 1 Melee 1 | . . . . . . . . 1 Uniques/NPCs Destroyed . | . . . . . . . . . Combat | -11 -10 -10 -10 -9 -8 -8 -8 -8 -------- Run | Yrd Mat Min Exi Min Mat Gar Mat Sto Hostile Shots Fired 564 | . 66 38 . 13 5 158 83 201 Missed 135 | . 18 12 . 3 1 38 19 44 Damage Taken 6942 | . 644 314 . 72 46 1963 1028 2875 Core 707 | . 67 71 . 16 . 194 84 275 Absorbed by Shields . | . . . . . . . . . Reduced by Siege Mode 32 | . . . . . . . 13 19 Ignored by Resistances 3 | . . . . . . . . 3 Regen/Repaired (Parts) 115 | . 115 . . . . . . . Core Remaining (%) 69 | 100 . . . 38 . . . . Volleys Fired 483 | 4 56 33 . 8 4 259 51 68 Largest 2 | 2 2 2 . 1 1 2 2 2 Hottest 140 | 40 100 100 . 120 120 120 85 140 Shots Fired 672 | 8 110 61 . 8 4 275 89 117 Gun 293 | 8 85 28 . . . 48 38 86 Cannon 317 | . 25 33 . 8 4 165 51 31 Launcher 62 | . . . . . . 62 . . Special . | . . . . . . . . . Kinetic 431 | 8 81 33 . . . 142 89 78 Thermal 168 | . 29 28 . 8 4 71 . 28 Explosive 62 | . . . . . . 62 . . Electromagnetic 11 | . . . . . . . . 11 Robot Hit Streak 66 | 2 8 12 . 11 15 66 16 11 Robot Miss Streak 4 | 1 4 2 . . . 2 2 3 Penetration Max 1 | . . . . . . . 1 1 Secondary Targets 5 | . 2 . . . . 2 . 1 Max Gunslinging Chain 1 | . 1 . . . . 1 . 1 Shots Hit Robots 358 | 5 70 40 . 8 4 83 64 84 Core Hits 180 | 2 30 18 . 6 2 45 37 40 Critical Kills . | . . . . . . . . . Critical Parts Destroyed 2 | . 1 . . . . . . 1 Critical Strikes 15 | . 2 6 . . . . 4 3 Burn 2 | . 1 1 . . . . . . Destroy 2 | . 1 . . . . . . 1 Blast 11 | . . 5 . . . . 4 2 Melee Attacks . | . . . . . . . . . Impact . | . . . . . . . . . Slashing . | . . . . . . . . . Piercing . | . . . . . . . . . Sneak Attacks . | . . . . . . . . . Combat Hostiles . | . . . . . . . . . Follow-up Attacks . | . . . . . . . . . Damage Inflicted 10049 | 68 1106 730 . 323 151 2974 2278 2419 Guns 4142 | 68 825 270 . . . 558 881 1540 Cannons 5747 | . 281 460 . 323 151 2403 1397 732 Explosions 137 | . . . . . . 13 . 124 Melee . | . . . . . . . . . Ramming 23 | . . . . . . . . 23 Kinetic 5877 | 68 804 460 . . . 677 2278 1590 Thermal 3896 | . 302 270 . 323 151 2284 . 566 Explosive 13 | . . . . . . 13 . . Electromagnetic 240 | . . . . . . . . 240 Impact . | . . . . . . . . . Slashing . | . . . . . . . . . Piercing . | . . . . . . . . . Highest Corruption 9 | . . . . . . . . 9 Average Corruption 3 | . . . . . . . . 3 Corruption Purged . | . . . . . . . . . Corruption Blocked . | . . . . . . . . . Effects 4 | . . . . . . . . 4 Matter Fused 1 | . . . . . . . . 1 Energy Discharges 2 | . . . . . . . . 2 Data Loss (major) 1 | . . . . . . . . 1 Overload Shots . | . . . . . . . . . Overflow Damage 135 | . . 2 . 4 . 82 33 14 Projectiles 135 | . . 2 . 4 . 82 33 14 Explosions . | . . . . . . . . . Melee . | . . . . . . . . . Knockbacks 19 | . 2 4 . . . . 12 1 Impact . | . . . . . . . . . Kinetic 15 | . 2 3 . . . . 9 1 Secondary 4 | . . 1 . . . . 3 . Self-Inflicted Damage 175 | . . . . . . 136 . 39 Shots 10 | . . . . . . 9 . 1 Rammed 4 | . . . . . . . . 4 Targets Rammed 5 | . . . . . . . . 5 Kicked . | . . . . . . . . . Crushed 1 | . . . . . . . . 1 Highest Temperature 368 | . 69 93 . 212 84 228 58 368 Average Temperature 75 | . 16 28 . 94 42 70 25 158 Received Heat Transfer 2832 | . 327 138 . . . 531 522 1314 Siege Activations 4 | . . . . . . . 2 2 Total Turns 89 | . . . . . . . 48 41 Longest Duration 33 | . . . . . . . 33 29 Robots Corrupted 1 | . . . . . . . . 1 Combat Hostiles 1 | . . . . . . . . 1 Parts Fried . | . . . . . . . . . Impact Corruptions . | . . . . . . . . . Robots Melted . | . . . . . . . . . Combat Hostiles . | . . . . . . . . . Parts Melted 17 | . 1 1 . 3 3 9 . . Heat Transferred 8121 | . 777 740 . 640 320 4796 . 848 Parts Sabotaged . | . . . . . . . . . Parts Stolen . | . . . . . . . . . Parts Stripped . | . . . . . . . . . Power Chain Reactions 1 | . . . . . . . . 1 Alert | -11 -10 -10 -10 -9 -8 -8 -8 -8 ------- Run | Yrd Mat Min Exi Min Mat Gar Mat Sto Peak Influence 7248 | 10 233 95 . 102 84 7248 4013 2127 Initial 3533 | . 6 . . . 17 41 3533 1695 Average 2040 | 8 99 24 . 16 45 3218 3696 1899 Maximum Alert Level 5 | . 1 . . . . 5 5 5 Low Security (%) 38 | 100 97 100 . 100 100 3 . . Level 1 3 | . 2 . . . . 5 . . Level 2 4 | . . . . . . 7 . . Level 3 3 | . . . . . . 5 . . Level 4 4 | . . . . . . 7 . . Level 5 43 | . . . . . . 69 81 16 High Security 2 | . . . . . . . 18 83 Max Security . | . . . . . . . . . Squads Dispatched 33 | . 5 1 . . 4 . 7 16 Investigation 6 | . 4 1 . . 1 . . . Extermination . | . . . . . . . . . Reinforcement 1 | . 1 . . . . . . . Assault 23 | . . . . . . . 7 16 Garrison 3 | . . . . . 3 . . . Intercept . | . . . . . . . . . Searches Triggered . | . . . . . . . . . Construction Impeded . | . . . . . . . . . Haulers Reinforced . | . . . . . . . . . Active Scanning Responses . | . . . . . . . . . Cargo Convoy Interrupts . | . . . . . . . . . Stealth | -11 -10 -10 -10 -9 -8 -8 -8 -8 --------- Run | Yrd Mat Min Exi Min Mat Gar Mat Sto Distress Signals 7 | . 3 . . . . 1 2 1 Communications Jammed . | . . . . . . . . . Distress Signals . | . . . . . . . . . Times Spotted 188 | . 26 15 . 9 5 39 35 59 Peak Tracking Total 30 | . 5 3 . 4 2 5 9 30 Tactical Retreats 12 | . 2 2 . 1 . 4 1 2 Traps | -11 -10 -10 -10 -9 -8 -8 -8 -8 ------- Run | Yrd Mat Min Exi Min Mat Gar Mat Sto Traps Triggered 17 | . 5 . . . . 12 . . Indirectly . | . . . . . . . . . Trap Hack Attempts . | . . . . . . . . . Triggered . | . . . . . . . . . Disarmed . | . . . . . . . . . Reprogrammed . | . . . . . . . . . Reused . | . . . . . . . . . Traps Extracted . | . . . . . . . . . Installed . | . . . . . . . . . Triggered . | . . . . . . . . . Machines | -11 -10 -10 -10 -9 -8 -8 -8 -8 ---------- Run | Yrd Mat Min Exi Min Mat Gar Mat Sto Machines Disabled 13 | . 2 . . . . 7 1 3 Max in Single Turn 2 | . 1 . . . . 2 1 2 Garrison Access 1 | . . . . . . . 1 . Garrison Relay 2 | . . . . . . 2 . . Phase Generator 1 | . . . . . . 1 . . Machines Repaired . | . . . . . . . . . Machines Dismantled . | . . . . . . . . . Machines Sabotaged . | . . . . . . . . . Overloaded Fab Kills . | . . . . . . . . . Hacking | -11 -10 -10 -10 -9 -8 -8 -8 -8 --------- Run | Yrd Mat Min Exi Min Mat Gar Mat Sto Machines Accessed 22 | . 9 1 2 1 1 4 4 . Terminals 14 | . 6 . . 1 . 4 3 . Fabricators . | . . . . . . . . . Repair Stations 1 | . 1 . . . . . . . Recycling Units 2 | . 2 . . . . . . . Scanalyzers . | . . . . . . . . . Garrison Access 2 | . . . . . 1 . 1 . Total Hacks 47 | . 23 1 2 3 4 6 8 . Successful 20 | . 10 1 2 2 1 2 2 . Failed 26 | . 12 . . 1 3 4 6 . Catastrophic 8 | . 5 . . . . 1 2 . Database Lockouts 1 | . 1 . . . . . . . Manual 22 | . 15 . 1 3 . . 3 . Terminals 31 | . 16 . . 3 . 6 6 . Fabricators . | . . . . . . . . . Repair Stations 2 | . 2 . . . . . . . Recycling Units 5 | . 5 . . . . . . . Scanalyzers . | . . . . . . . . . Garrison Access 6 | . . . . . 4 . 2 . Terminal Hacks 14 | . 6 1 2 2 . 2 1 . Record 1 | . . . 1 . . . . . Robot Analysis 7 | . 4 . . 2 . . 1 . Prototype ID Bank 1 | . 1 . . . . . . . Open Door 2 | . . 1 . . . 1 . . Alert Level 1 | . 1 . . . . . . . Security Stations 1 | . . . . . . 1 . . Derelict Proto ID Bank 1 | . . . 1 . . . . . Fabricator Hacks . | . . . . . . . . . Repair Station Hacks 2 | . 2 . . . . . . . Scan Component 1 | . 1 . . . . . . . Repair 1 | . 1 . . . . . . . Recycling Unit Hacks 1 | . 1 . . . . . . . Retrieve Components 1 | . 1 . . . . . . . Scanalyzer . | . . . . . . . . . Garrison Access Hacks 2 | . . . . . 1 . 1 . Unlock Access 1 | . . . . . 1 . . . Seal Access 1 | . . . . . . . 1 . Unauthorized Hacks 1 | . 1 . . . . . . . Terminals . | . . . . . . . . . Fabricators . | . . . . . . . . . Repair Stations . | . . . . . . . . . Recycling Units 1 | . 1 . . . . . . . Mask 1 | . 1 . . . . . . . Scanalyzers . | . . . . . . . . . Garrison Access . | . . . . . . . . . Data Cores Recovered 1 | . . . . . . . 1 . Used . | . . . . . . . . . Hacking Detections 14 | . 6 . . 1 1 2 4 . Full Trace Events 4 | . 1 . . . 1 1 1 . Feedback Events . | . . . . . . . . . Feedback Blocked . | . . . . . . . . . Robot Schematics Acquired . | . . . . . . . . . Robots Built . | . . . . . . . . . Authchips . | . . . . . . . . . Time . | . . . . . . . . . Total Robot Build Rating . | . . . . . . . . . Part Schematics Acquired . | . . . . . . . . . Parts Built . | . . . . . . . . . Authchips . | . . . . . . . . . Time . | . . . . . . . . . Total Part Build Rating . | . . . . . . . . . Parts Repaired 1 | . 1 . . . . . . . Time 13 | . 13 . . . . . . . Parts Recycled . | . . . . . . . . . Recycled Matter . | . . . . . . . . . Retrieved Matter . | . . . . . . . . . Retrieved Components 9 | . 9 . . . . . . . Parts Scanalyzed . | . . . . . . . . . Part Schematics Acquired . | . . . . . . . . . Parts Damaged . | . . . . . . . . . Bothacking | -11 -10 -10 -10 -9 -8 -8 -8 -8 ------------ Run | Yrd Mat Min Exi Min Mat Gar Mat Sto Used RIF Installer . | . . . . . . . . . Robots Hacked . | . . . . . . . . . Non-combat . | . . . . . . . . . Combat . | . . . . . . . . . Robot Hacks Applied . | . . . . . . . . . Relay Couplers Released 10 | . . . . . . 10 . . Machine Destruction 10 | . . . . . . 10 . . Fabnet Peak Effective % . | . . . . . . . . . Robots Rewired 4 | . . . . . . 4 . . Allies Hacked . | . . . . . . . . . Hacks Repelled . | . . . . . . . . . Allies | -11 -10 -10 -10 -9 -8 -8 -8 -8 -------- Run | Yrd Mat Min Exi Min Mat Gar Mat Sto Total Allies 10 | . . . . 3 . 5 . 2 Largest Group 4 | . . . . 3 3 4 1 2 Highest-Rated Group 189 | . . . . 40 40 189 149 62 Highest-Rated Ally 149 | . . . . 16 16 149 149 31 Total Orders 1 | . . . . . . 1 . . ROAM 1 | . . . . . . 1 . . Ally Attacks 81 | . . . . 6 23 23 18 11 Total Damage 2118 | . . . . 30 242 814 865 167 Kills 23 | . . . . 1 2 7 11 2 Allies Corrupted . | . . . . . . . . . Allies Melted 1 | . . . . . . . . 1 Intel | -11 -10 -10 -10 -9 -8 -8 -8 -8 ------- Run | Yrd Mat Min Exi Min Mat Gar Mat Sto Robot Analysis Total 7 | . 4 . . 2 . . 1 . Derelict Logs Recovered 4 | . . 3 . 1 . . . . Drone Launches . | . . . . . . . . . Drone Recoveries . | . . . . . . . . . Exploration | -11 -10 -10 -10 -9 -8 -8 -8 -8 ------------- Run | Yrd Mat Min Exi Min Mat Gar Mat Sto Turns Passed 18964 | 122 2011 2447 939 1935 94 10378 619 419 Spaces Moved 6830 | 72 865 679 289 577 28 4016 194 110 Core 37 | . . . . . . . . 37 Treads 6762 | 41 865 679 289 577 28 4016 194 73 Legs 31 | 31 . . . . . . . . Wheels . | . . . . . . . . . Hover . | . . . . . . . . . Flight . | . . . . . . . . . Fastest Speed 50 | 120 160 320 325 325 231 231 155 50 Average Speed 247 | 142 194 322 325 325 278 235 230 119 Slowest Speed 480 | 160 480 325 325 325 325 236 235 155 Overloaded Moves . | . . . . . . . . . Propulsion Burnouts . | . . . . . . . . . Robots Hopped . | . . . . . . . . . Cave-ins Triggered . | . . . . . . . . . Exploration Rate (%) 58 | 4 98 99 71 100 6 98 25 26 Regions Visited 8 Branch Regions 4 Pre-discovered Areas 2 | . . 1 1 . . . . . Known Exits Taken 1 | . . . . . 1 . . . Unknown Exits Taken 6 | 1 1 1 1 1 . . 1 . Scrap Searched 2 | . . 1 . 1 . . . . Spaces Dug 220 | . . . . . . 219 1 . Terrain Destroyed 394 | . . . . . . 367 19 8 Melee . | . . . . . . . . . Projectile 28 | . . . . . . 2 19 7 AOE 366 | . . . . . . 365 . 1 Terrain Rammed . | . . . . . . . . . Walls Destroyed . | . . . . . . . . . Machines Disabled . | . . . . . . . . . Actions | -11 -10 -10 -10 -9 -8 -8 -8 -8 --------- Run | Yrd Mat Min Exi Min Mat Gar Mat Sto Total 8264 | 84 1086 874 290 631 40 4706 277 276 Wait 631 | . 124 147 . 47 . 232 23 58 Move 6822 | 71 864 678 288 576 28 4014 193 110 Hop . | . . . . . . . . . Pick Up 66 | 2 19 10 1 . 2 28 1 3 Fast Attach 14 | 1 3 . . . 2 5 1 2 Attach 35 | . 1 1 . . 1 13 2 17 Detach 2 | . . . . . . . . 2 Swap 50 | 2 7 2 1 . 1 28 3 6 Drop 70 | 4 12 3 . . 2 41 3 5 Fire 483 | 4 56 33 . 8 4 259 51 68 Melee . | . . . . . . . . . Ram . | . . . . . . . . . Kick . | . . . . . . . . . Crush 5 | . . . . . . . . 5 Escape Stasis 20 | . . . . . . 20 . . Rewire 66 | . . . . . . 66 . . Trap . | . . . . . . . . . Miscellaneous . | . . . . . . . . . Route ------- -11/Scrapyard -10/Materials (discovered 4 exits: [*Mat x3] / *Min) -10/Mines (discovered 3 exits: [*Mat x2] / *Exi) -10/Exiles -9/Mines (discovered 2 exits: *Mat x2) -8/Materials (discovered 2 exits: Fac / Gar) -8/Garrison (discovered 3 exits: *Mat x3) -8/Materials -8/Storage History --------- Turn | Location | Event 1 | -11/Scrapyard | Discovered new exit (range 3) 123 | -11/Scrapyard | Entered Materials 309 | -10/Materials | Build established: Mutant 414 | -10/Materials | Discovered new exit (range 15) 725 | -10/Materials | Discovered new exit (range 16) 979 | -10/Materials | Central database locked down 1143 | -10/Materials | Discovered new exit (range 15) 1187 | -10/Materials | Repaired Lgt. Treads 1551 | -10/Materials | Discovered new exit (range 12) 2134 | -10/Materials | Entered Mines 2224 | -10/Mines | Deemed a non-threat by the Exiles lab entrance 2227 | -10/Mines | Discovered new exit (range 5) 2597 | -10/Mines | YI-UF0 nonchalantly dropped a Grenade Launcher on the ground 2834 | -10/Mines | Discovered new exit (range 12) 2915 | -10/Mines | Met a Derelict shopkeep closing up shop 3411 | -10/Mines | Found a hidden stash of uninstalled traps 3453 | -10/Mines | Discovered new exit (range 14) 3694 | -10/Mines | Learned location of 1 exit from Materials 3726 | -10/Mines | Learned Materials terminal intel 3737 | -10/Mines | Excavation squad dispatched 3737 | -10/Mines | A large section of the Mines collapsed 3893 | -10/Mines | Core integrity fell below 50% 4581 | -10/Mines | Entered Exiles 4669 | -10/Exiles | Met 8R-AWN 4721 | -10/Exiles | Met EX-HEX 4815 | -10/Exiles | Met EX-BIN 4851 | -10/Exiles | Aligned with FarCom system 4854 | -10/Exiles | Given EX-Vault access code 4929 | -10/Exiles | Opened EX-Vault 4949 | -10/Exiles | Found Gui. Plasma Cannon 5019 | -10/Exiles | Warned to stay clear of 0b10 Research branches 5107 | -10/Exiles | Met EX-DEC 5123 | -10/Exiles | Learned location of Zion (-7) 5491 | -10/Exiles | Discovered new exit (range 10) 5520 | -10/Exiles | Left Exiles lab with Gui. Plasma Cannon 5520 | -10/Exiles | Entered Mines 5561 | -9/Mines | Met a Derelict bent on vengeance 5972 | -9/Mines | Discovered new exit (range 6) 6719 | -9/Mines | Discovered new exit (range 6) 7155 | -9/Mines | Assisted by bots powering up and referring to "LRC-V3" 7455 | -9/Mines | Entered Materials 7455 | -8/Materials | Accompanied by 3 allies 7455 | -8/Materials | Evolved 4 slots: Propulsion x2, Utility x2 7456 | -8/Materials | Identified exit to Factory 7457 | -8/Materials | Loaded intel: 12 terminal locations 7549 | -8/Materials | Identified exit to Garrison 7549 | -8/Materials | Entered Garrison 7625 | -8/Garrison | Triggered checkpoint 7821 | -8/Garrison | Triggered checkpoint 8101 | -8/Garrison | Triggered checkpoint 8203 | -8/Garrison | Build established: Scavenger-Mutant 8237 | -8/Garrison | Discovered new exit (range 12) 8291 | -8/Garrison | Triggered checkpoint 8553 | -8/Garrison | Discovered new exit (range 12) 8554 | -8/Garrison | Triggered checkpoint 8642 | -8/Garrison | Learned Materials security intel 9001 | -8/Garrison | Triggered checkpoint 9169 | -8/Garrison | Discovered new exit (range 9) 9445 | -8/Garrison | Triggered checkpoint 9493 | -8/Garrison | Triggered checkpoint 9561 | -8/Garrison | Lost 8 parts (5n1u2w) 15535 | -8/Garrison | Rescued HV-R5K 16612 | -8/Garrison | Phase Generator disabled 17732 | -8/Garrison | Attempted to access garrison exit controls, blocked by remote lockdown 17927 | -8/Garrison | Entered Materials 17927 | -8/Materials | Accompanied by 1 ally (HV-R5K) 18327 | -8/Materials | First assault squad dispatched 18407 | -8/Materials | Discovered new exit (range 6) 18433 | -8/Materials | High security lockdown imminent 18513 | -8/Materials | High security lockdown engaged 18514 | -8/Materials | Core integrity fell below 50% 18546 | -8/Materials | Entered Storage 18550 | -8/Storage | Destroyed 14 combat bots 18614 | -8/Storage | High security lockdown imminent 18694 | -8/Storage | High security lockdown engaged 18741 | -8/Storage | Met a pair of Derelict thieves 18880 | -8/Storage | Destroyed 11 combat bots 18933 | -8/Storage | Core integrity fell below 20% 18945 | -8/Storage | Released all parts (6) 18965 | -8/Storage | Destroyed by S-10 Pest with Light Assault Rifle Last Messages --------------- 18938_ System corrupted by crushing effect (+5). 18938_ Variable Charge Gun destroyed. 18938_ Slammed into G-50 Soldier. 18942_ Slammed into G-47 Trooper. 18942_ C-30 ARC bursts open, deploying its payload. 18942_ G-50 Soldier unfolds itself. 18942_ L-31 Rogue unfolds itself. 18942_ G-47 Trooper unfolds itself. 18942_ I-25 Savior unfolds itself. 18942_ Critical hit (Burn: +37). 18945_ Released Lyr. Heavy Armor Plating. 18945_ Released Huge Storage Unit. 18945_ Released Imp. Heat Sink. 18945_ Released Wheel. 18945_ Released Lgt. Treads. 18945_ Dropped Prototype Energy Gun. 18946_ Acquired Imp. Ion Engine. 18947_ Critical hit (Burn: +37). 18949_ System corrupted: Energy discharge (-28). 18964_ ALERT: Heavy assault forces dispatched. Map ----- +----------------------------------------------------+ | ??????????????????????????????????????????????? | | ??????????????????????????????????????????????? | | ??????????????????????????????????????????????? | | ??????????????????????????????????????????????? | | ??????????????????????????????????????????????? | | ??????????????????????????????????????????????? | | ??????????????????????????????????????????????? | | ??????????????????????????????????????????????? | | ??????????????????????????????????????????????? | | ??????????????????????????????????????????????? | | ??????????????????????????????????????????????? | | ??????????????????????????????????????????????? | | ??????????????????????????????????????????????? | | ??????????????????????o???????????????????????? | | ??????????????????????????????????????????????? | | ??????????????????????????????????????????????? | | ??????????????????????????????????????????????? | | ??????????????????????????????????????????????? | | ??????????????????????????????????????????????? | | ??????????????????????????????????????????????? | | ???????????????????????????Y??????????????????? | | ??????????????????????????????????????????????? | | ???????????###########+#+###??????????????????? | | ?????????? #??????????????????? | | ?????????? ss ^ +??????????????????? | | ?????????? s s @ #??????????????????? | | ?????????????????####### #??????????????????? | | ????????#??????????????# #??????????????????? | | ???????????????#???????# #??????????????????? | | ???????????????????????# #??????????????????? | | ???????????????????????# ####???????????????? | | ???????????????????????# """#???????????????? | | ???????????????????????# Y"#???????????????? | | ???????????????????????# """#???????????????? | | ?????????????????###??##% ####???#???????????? | | ?????????????##?#"""#??# #??????????????????? | | ????????#????# ##"T"#### %#??????????????????? | | ?????######### # %#?##???????????????? | | ?????#!!!=!!## # #??????#???????????? | | ?????#!!!%![## """ """ # #??#???????????????? | | ?#???#=[%!!!## """ """ # ##?????????#?#?????? | | ?????#!=====## """ """ #g "#?????????#???????? | | #????##"%=#### """ #g "#?##??????????????? | | ?????#[= =*### """ / # ##?#???????????????? | | ?????#[%%%!#?# # #????????????#?????? | | ########/######"##+##### ########??#????#???? | | =!=%!= [= #???????????? | | %!%%!!![ #?????#?????? | | %%!![!= = #?##????????? | | +#######!######+##+#########"######???#???????? | +----------------------------------------------------+ Best States ------------- Heat Dissipation 78 Energy Generation 16 Energy Capacity 290 Matter Stores 300 Matter Capacity 300 Sight Range 16 Terrain Scan Range 16 Terrain Scan Density 10 Armor Coverage 750 Resistance: KI 25 Evasion (%) 50 Recoil Reduction 8 Item Schematics ----------------- None Robot Schematics ------------------ None Fabricated ------------ Nothing Alien Tech Used ----------------- None Achievements -------------- None Challenges ------------ None Game ------ Seed DecoyGuidedBlade Manual? 0 Play Time 01:12:14 Cumulative 96.4 hours Start 2024.09.17 @ 01:53:26 End 2024.09.17 @ 03:03:52 Sessions 1 Manual Loads 0 Difficulty Rogue Special Mode None Game No. 133 Rogue 133 Adventurer 0 Explorer 0 Win Type - Total 1 Types 1/0/0/0/0/0/0/0/0 Lore% 20 Gallery% 56 Achievement% 44 Wizard Run 0 Options --------- Layout 0 ASCII 0 Keyboard 0 Movement Mouse Keybinds 1 Fullscreen 1 Font 18/TerminusBold Map View 76x50 Zoom Use 0% Tactical HUD 1 Map Filters NONE Filters NONE Steam 1 RUN: 4859e622-f0a8-4d82-82cb-a615ae26129e